 Dungeon Crawl Stone Soup version 0.30-a0-845-g7c6808c8ce (webtiles) character file.

Game seed: 12669817638360131648

59 jasper the Digger (level 3, -6/26 HPs)
             Began as a Demigod Earth Elementalist on Mar 2, 2023.
             Mangled by Crazy Yiuf
             ... wielding a +3 quarterstaff of chaos
              (9 damage)
             ... on level 2 of the Dungeon.
             The game lasted 00:02:39 (1693 turns).

jasper the Digger (Demigod Earth Elementalist)      Turns: 1693, Time: 00:02:40

Health: -6/26      AC:  7    Str:  9    XL:     3   Next: 54%
Magic:  0/8        EV: 12    Int: 21    God:
Gold:   96         SH:  0    Dex: 14    Spells: 2/5 levels left

rFire   . . .      SeeInvis .    c - staff of conjuration
rCold   . . .      Faith    .    (no shield)
rNeg    . . .      Spirit   .    a - +1 robe
rPois   .          Reflect  .    e - +2 helmet
rElec   .          Rampage  .    (no cloak)
rCorr   .                        (no gloves)
Will    .....                    i - +0 pair of boots
Stlth   ++                       (no amulet)
HPRegen 0.24/turn                (no ring)
MPRegen 0.11/turn                (no ring)

@: very slightly contaminated
A: high MP 1, forlorn, divine attributes
a: no special abilities


You were on level 2 of the Dungeon.
You visited 1 branch of the dungeon, and saw 2 of its levels.

You collected 122 gold pieces.
You spent 26 gold pieces at shops.

Inventory:

Missiles
 j - 18 stones
 m - 6 poisoned darts
 n - 6 boomerangs
Armour
 a - a +1 robe (worn)
 e - a +2 helmet (worn)
 i - a +0 pair of boots (worn)
Magical Staves
 c - a staff of conjuration (weapon)
Scrolls
 f - 3 scrolls of identify {unknown}
 h - a scroll of magic mapping {unknown}
 k - a scroll of blinking {unknown}
 o - a scroll of teleportation {unknown}
 p - a scroll of immolation {unknown}
Potions
 b - a potion of magic
 d - a potion of invisibility {unknown}
 g - a potion of haste {unknown}
 l - 3 potions of mutation {unknown}


   Skills:
 - Level 1.7 Dodging
 - Level 1.7 Stealth
 - Level 1.7 Spellcasting
 - Level 0.8 Transmutations
 + Level 4.3 Earth Magic


You had 2 spell levels left.
You knew the following spells:

 Your Spells              Type           Power      Damage    Failure   Level
a - Sandblast             Erth           40%        2d10      2%          1
b - Passwall              Tmut/Erth      10%        N/A       8%          2

Your spell library contained the following spells:

 Spells                   Type           Power      Damage    Failure   Level
 Stone Arrow              Conj/Erth      32%        3d9       19%         3
 Petrify                  Tmut/Erth      12%        N/A       45%         4


Dungeon Overview and Level Annotations

Branches:
Dungeon (2/15)

Shops:
D:1 *

Annotations:
D:2 Crazy Yiuf


Innate Abilities, Weirdness & Mutations

You have an increased reservoir of magic. (+10% MP)
You shall have no god before yourself.
Your divine heritage dramatically boosts your attributes as you level up.


Message History

Unknown command.
You see here a giant cockroach corpse.
f - 3 scrolls labelled PUAPSU ORYINA (gained 1)
Things that are here:
a +0 sling; a +0 club; a goblin corpse
There is a stone staircase leading up here.
Key pressed, stopping explore.
Crazy Yiuf shouts!
MP restored: 8 Could not explore, unopened runed door.
Could not explore, unopened runed door.
Could not explore, unopened runed door.
You open the door.
Aiming: Sandblast (safe; 2% risk of failure)
Press: ? - help, Q - select action, (/) - cycle Shift-Dir - straight line, f - Crazy Yiuf
Aim: Crazy Yiuf, wielding a +3 quarterstaff of chaos and wearing a +0 cloak (85% to hit)
You miscast Sandblast.
You are very lightly contaminated with residual magic.
Nothing appears to happen.
Crazy Yiuf hits you with a +3 quarterstaff of chaos!
Crazy Yiuf burns you.
You take 14 damage, and have 12/26 hp.
MASSIVE DAMAGE!!
You now have 7/8 mp.
Aiming: Sandblast (safe; 2% risk of failure)
Press: ? - help, Q - select action, (/) - cycle Shift-Dir - straight line, f/p - Crazy Yiuf
Aim: Crazy Yiuf, wielding a +3 quarterstaff of chaos and wearing a +0 cloak (85% to hit)
The blast of sand hits Crazy Yiuf!
Crazy Yiuf is moderately wounded.
Crazy Yiuf flaps his cloak.
Crazy Yiuf hits you but does no damage.
You now have 6/8 mp.
Aiming: Sandblast (safe; 2% risk of failure)
Press: ? - help, Q - select action, (/) - cycle Shift-Dir - straight line, f/p - Crazy Yiuf
Aim: Crazy Yiuf, wielding a +3 quarterstaff of chaos and wearing a +0 cloak (moderately wounded, 85% to hit)
The blast of sand hits Crazy Yiuf.
Crazy Yiuf is heavily wounded.
Crazy Yiuf hits you with a +3 quarterstaff of chaos!
* * * LOW HITPOINT WARNING * * *
You feel your power leaking away.
Crazy Yiuf hits you with a +3 quarterstaff of chaos!
You die...

#..........#
#....# ###
#..........#
#....#
..####.###.#
♣....♣ .## #.#
### ♣...♣♣
..## #.# ♣♣.♣♣
#..###.#####
♣.♣♣
...........#
♣♣.♣
#####..#####
♣.♣♣ ###### ##
#..## ♣♣@♣
#....## #.
#####...####
#g# ####..# #.
...........#
... ##.#####.
######..##.#
#...# #.##....
#...#.# #..)#
#.##..##
##....# #####
#.#..## #
#....# #....#
#######....###
### ##...####
...##...##...#
#.#
####........


You could see Crazy Yiuf.

Vanquished Creatures
  An adder (D:2)
  A worm (D:2)
  2 ball pythons
  4 endoplasms
  A giant cockroach (D:2)
  6 goblins
  3 hobgoblins
  4 jackals (D:2)
  2 quokkas
  5 bats
  3 frilled lizards (D:1)
  8 kobolds
  3 rats (D:1)
43 creatures vanquished.

Notes
Turn   | Place    | Note
-------+----------+-------------------------------------------
     0 | D:1      | jasper the Demigod Earth Elementalist began the quest for
                  | the Orb.
     0 | D:1      | Reached XP level 1. HP: 14/14 MP: 5/5
   248 | D:1      | Reached skill level 3 in Earth Magic
   270 | D:1      | Found Weef's Assorted Antiques.
   278 | D:1      | Bought a scroll labelled JEBINA SOOTS for 26 gold pieces
   473 | D:1      | Reached XP level 2. HP: 20/20 MP: 5/7
   476 | D:1      | Learned a level 2 spell: Passwall
   987 | D:2      | Reached XP level 3. HP: 26/26 MP: 6/8
  1011 | D:2      | Reached skill level 4 in Earth Magic
  1225 | D:2      | Found a runed translucent door.
  1226 | D:2      | Noticed Crazy Yiuf
  1693 | D:2      | Mangled by Crazy Yiuf

Illustrated notes

Levels and vault maps discovered:
D:1:      minmay_arrival_radiant_lines, layout_loops_cross, serial_shops, shop,
          minmay_unequal
D:2:      layout_rooms, uniq_crazy_yiuf_cottage

Skill      XL: |  1  2  3 |
---------------+----------+-----
Earth Magic    | 3 4 |  4.3
Dodging        | |  1.7
Stealth        | |  1.7
Spellcasting   | |  1.7
Transmutations | |  0.8

Action                     || total
---------------------------++-------
  Melee: Staff             ||     5
  Throw: Boomerang         ||     4
   Cast: Sandblast         ||    68
    Use: Scroll            ||     1
 Armour: Robe              ||    12
  Dodge: Dodged            ||    24

Table legend: (Time is in decaauts)
 A = Elapsed time spent in this place.
 B = Non-inter-level travel time spent in this place.
 C = Inter-level travel time spent in this place.
 D = Time resting spent in this place.
 E = Time spent auto-exploring this place.
 F = Levels seen in this place.
 G = Mean time per level.
                   A        B        C        D        E       F      G
               +--------+--------+--------+--------+--------+-----+--------+
         Total |   1728 |   1685 |     43 |      2 |   1401 |   2 |  864.0 |
       Dungeon |   1728 |   1685 |     43 |      2 |   1401 |   2 |  864.0 |
               +--------+--------+--------+--------+--------+-----+--------+

Top non-repeatable levels by time:
     D:1: 867 daAuts
     D:2: 860 daAuts
